 Dungeon Crawl Stone Soup version 0.32-a0-22-g6ae6769602 (console) character file.

Game seed: 16595135202687074431

130 Banquo the Magician (level 5, -7/39 HPs)
             Began as a Djinni Air Elementalist on Jan 19, 2024.
             Was an Initiate of Makhleb.
             Mangled by a gnoll
             ... wielding a +0 halberd of venom
              (9 damage)
             ... on level 4 of the Dungeon.
             The game lasted 00:06:58 (2790 turns).

Banquo the Magician (Djinni Air Elementalist)       Turns: 2790, Time: 00:06:58

Health: -7/39      AC:  4    Str:  7    XL:     5   Next: 36%
Gold:   176        EV:  3    Int: 19    God:    Makhleb [......] SH:  0 Dex: 13

rFire   + + +        s - +0 short sword (venom)
rCold   + . .        (no shield)
rNeg    . . .        a - +0 robe
rPois   ∞            q - +0 helmet
rElec   +            (no cloak)
rCorr   +            e - +0 pair of gloves
SInv    +            (boots unavailable)
Will    .....        (no amulet)
Stlth   ++           b - ring of protection from cold
HPRegen 0.26/turn    v - ring of see invisible
MPRegen 0.00/turn

%: infuse magic (-8 HP)
@: resistant, flying, held, constricted
A: sickness immunity, fire resistance 2, cold vulnerability 1, float, innate
caster, HP casting, extra vitality 1
a: Renounce Religion


You were on level 4 of the Dungeon.
You worshipped Makhleb.
Makhleb was noncommittal.
You visited 1 branch of the dungeon, and saw 4 of its levels.

You collected 176 gold pieces.

Inventory:

Hand Weapons
 d - a +0 short sword
 s - a +0 short sword of venom (weapon)
Missiles
 p - 20 stones
Armour
 a - a +0 robe (worn)
 e - a +0 pair of gloves (worn)
 i - a +0 buckler
 q - a +0 helmet (worn)
Magical Staves
 w - a staff of alchemy
Jewellery
 b - a ring of protection from cold (left hand)
 v - a ring of see invisible (right hand)
Scrolls
 g - a scroll of immolation {unknown}
 h - a scroll of identify {unknown}
 k - a scroll of poison {unknown}
 l - 2 scrolls of noise {unknown}
 o - 4 scrolls of butterflies {unknown}
 r - a scroll of teleportation {unknown}
Potions
 c - a potion of resistance
 f - 2 potions of berserk rage {unknown}
 j - a potion of heal wounds {unknown}
 m - 2 potions of curing {unknown}
 n - a potion of cancellation {unknown}
 t - a potion of ambrosia {unknown}
 u - a potion of invisibility {unknown}


   Skills:
 * Level 2.5 Fighting
 * Level 2.9 Dodging
 - Level 1.5 Stealth
 * Level 1.4 Shields
 * Level 3.8 Spellcasting
 * Level 3.8 Conjurations
 * Level 3.8 Hexes
 * Level 3.8 Summonings
 * Level 3.8 Necromancy
 * Level 3.8 Translocations
 * Level 3.8 Fire Magic
 * Level 3.8 Ice Magic
 * Level 3.8 Air Magic
 * Level 3.8 Earth Magic
 * Level 3.8 Alchemy


You knew the following spells:

 Your Spells              Type           Power      Damage    Failure   Level
a - Shock                 Conj/Air       72%        1d7       3%          1
b - Static Discharge      Conj/Air       36%        3-5/arc   4%          2
c - Swiftness             Air            18%        N/A       9%          3
d - Airstrike             Air            9%         2d(2-18)  28%         4
e - Scorch                Fire           36%        2d6       4%          2
z - Foxfire               Conj/Fire      72%        2x1d7     3%          1
Your spell library was empty.

Dungeon Overview and Level Annotations

Branches:
Dungeon (4/15)
 Temple: D:4-7

Altars:
Makhleb


Innate Abilities, Weirdness & Mutations

You are immune to sickness and miasma.
You are immune to poison.
Your flesh is very heat resistant. (rF++)
You are vulnerable to cold. (rC-)
You float through the air rather than walking.
You learn spells naturally, not from books.
Your magical power is your life essence.
You have superior vitality. (+4 MHP)


Message History

The zap hits the goblin.
You kill the goblin!
Makhleb accepts your kill.
Casting: Shock (safe; 3% risk of failure)
Confirm with . or Enter, or press ? or * to list all spells.
You can't see any susceptible monsters within range! (Use Z to cast anyway.)
Casting: Shock (safe; 3% risk of failure)
Confirm with . or Enter, or press ? or * to list all spells.
You can't see any susceptible monsters within range! (Use Z to cast anyway.)
You fly upwards.
There is a stone staircase leading down here.
There is a stone staircase leading down here.
You fly downwards.
The goblin shouts!
The gnoll shouts! x2; The goblin shouts!
The gnoll barely misses you. x2
There is a stone staircase leading up here.
The gnoll throws a throwing net.
The throwing net hits you.
You become entangled in the net!
You stop ascending the stairs.
The gnoll hits you but does no damage. The gnoll closely misses you.
Unknown command.
You struggle against the net.
The gnoll hits you from afar with a +0 halberd of venom!
The gnoll hits you with a +0 whip.
You struggle against the net.
The gnoll hits you from afar with a +0 halberd.
The goblin barely misses you. The gnoll hits you but does no damage.
The gnoll hits you with a +0 whip.
You tear a large gash into the net.
The gnoll hits you from afar with a +0 halberd.
The goblin hits you with a +0 dagger. The goblin closely misses you.
The gnoll hits you from afar with a +0 halberd of venom!
* * * LOW HITPOINT WARNING * * *
The gnoll hits you with a +0 whip!
* * * LOW HITPOINT WARNING * * *
It was a potion of resistance.
You feel protected.
The ball python bites you but does no damage.
The ball python grabs you. The ball python constricts you.
The gnoll hits you from afar with a +0 halberd of venom!
You die...

###.....##
##........##
#..........###
.............##
..............#
...............
......g.gg.....
.......@.......
......Sg.......
#.......g.....#
##............#
###.........##
###.....#...
##......##
##..####


You could see 3 gnolls, 2 goblins and a ball python.

Vanquished Creatures
  Robin (D:2)
  3 adders (D:2)
  2 dart slugs
  4 endoplasms
  12 giant cockroaches
  20 goblins
  12 hobgoblins
  A jackal (D:3)
  A quokka (D:2)
  5 ball pythons
  5 bats
  A frilled lizard (D:1)
  6 kobolds
  3 rats
76 creatures vanquished.

Notes
Turn   | Place    | Note
-------+----------+-------------------------------------------
     0 | D:1      | Banquo the Djinni Air Elementalist began the quest for the
                  | Orb.
     0 | D:1      | Banquo set off with the following spells memorised: Shock,
                  | Static Discharge, Swiftness, Airstrike.
     0 | D:1      | Reached XP level 1. HP: 15/15 MP: 0/0
    54 | D:1      | Reached XP level 2. HP: 16/22 MP: 0/0
   123 | D:1      | Reached skill level 1 in Fighting
   397 | D:1      | Reached XP level 3. HP: 26/27 MP: 0/0
   397 | D:1      | Learned a level 1 spell: Foxfire
   832 | D:2      | Reached XP level 4. HP: 29/33 MP: 0/0
  1040 | D:2      | Reached skill level 1 in Shields
  1152 | D:2      | Noticed Robin
  1159 | D:2      | Killed Robin
  1160 | D:2      | Reached XP level 5. HP: 33/39 MP: 0/0
  1160 | D:2      | Learned a level 2 spell: Scorch
  2121 | D:3      | Found a burning altar of Makhleb.
  2128 | D:3      | Became a worshipper of Makhleb the Destroyer
  2790 | D:4      | Mangled by a gnoll

Illustrated notes

Levels and vault maps discovered:
D:1:      lightli_molten_gateway, layout_basic
D:2:      minmay_roachtagon, layout_loops_corners, serial_rivers,
          chequers_serial_rivers_room_a, chequers_serial_rivers_small_a,
          chequers_serial_rivers_small_3, chequers_serial_rivers_micro_b,
          uniq_robin
D:3:      cheibrodos_helix_gallery, layout_basic,
          nicolae_overflow_crystal_walls, nrook_campfire
D:4:      layout_cave_pods, kennysheep_little_box, lemuel_round_altar,
          minmay_temple_entry_mist, uniq_sigmund

Skill      XL: |  1  2  3  4 |
---------------+-------------+-----
Fighting       | 1 2 |  2.5
Shields        | 1 |  1.4
Dodging        | |  2.9
Stealth        | |  1.5
Spellcasting   | |  3.8
Conjurations   | |  3.8
Hexes          | |  3.8
Summonings     | |  3.8
Necromancy     | |  3.8
Translocations | |  3.8
Fire Magic     | |  3.8
Ice Magic      | |  3.8
Air Magic      | |  3.8
Earth Magic    | |  3.8
Alchemy        | |  3.8

Action                     |  1- 3 |  4- 6 || total
---------------------------+-------+-------++-------
   Cast: Shock             |    67 |    78 ||   145
    Use: Potion            |       |     1 ||     1
 Armour: Robe              |     8 |    17 ||    25
  Dodge: Dodged            |    16 |    10 ||    26

Table legend: (Time is in decaauts)
 A = Elapsed time spent in this place.
 B = Non-inter-level travel time spent in this place.
 C = Inter-level travel time spent in this place.
 D = Time resting spent in this place.
 E = Time spent auto-exploring this place.
 F = Levels seen in this place.
 G = Mean time per level.
                   A        B        C        D        E       F      G
               +--------+--------+--------+--------+--------+-----+--------+
         Total |   2788 |   2515 |    273 |    128 |   2039 |   4 |  697.0 |
       Dungeon |   2788 |   2515 |    273 |    128 |   2039 |   4 |  697.0 |
               +--------+--------+--------+--------+--------+-----+--------+

Top non-repeatable levels by time:
     D:2: 1222 daAuts
     D:3: 929 daAuts
     D:1: 626 daAuts
     D:4: 10 daAuts
